 Dungeon Crawl Stone Soup version 0.21.1-1-g345015f (webtiles) character file.

122880 raistware the Eclecticist (level 16, -5/104 HPs)
             Began as a Mummy Wizard on Apr 25, 2018.
             Was an Initiate of Gozag.
             Killed from afar by a deep elf knight (23 damage)
             ... with an orb of energy
             ... on level 2 of the Elven Halls on Apr 27, 2018.
             The game lasted 04:41:40 (42014 turns).

raistware the Eclecticist (Mummy Wizard)           Turns: 42014, Time: 04:41:40

Health: -5/104     AC: 15    Str: 13    XL:     16   Next: 5%
Magic:  2/39       EV: 15    Int: 25    God:    Gozag
Gold:   2084       SH: 10    Dex: 12    Spells: 14/53 levels left

rFire    + . .     SeeInvis .   l - +3 morningstar (protect)
rCold    + . .     Gourm    .   t - +0 buckler of Voteil {+Inv rF+ Str+2}
rNeg     + + +     Faith    .   M - +3 leather armour {rF+}
rPois    ∞         Spirit   .   P - +2 helmet {Int+3}
rElec    .         Reflect  +   q - scarf {cloud immunity}
rCorr    .         Harm     .   Q - +2 pair of gloves {archery}
MR       +++..                  y - +2 pair of boots {Fly}
Stlth    ++........             u - +5 amulet of reflection
HPRegen  0.27/turn              V - +3 ring of evasion
MPRegen  0.26/turn              a - ring of the Clam {+Fly MR+}

@: flying
A: no food or potions, fire vulnerability, cold resistance 1, negative energy
resistance 3, torment resistance, unbreathing, in touch with death 1
}: 1/15 runes: decaying
a: Potion Petition, Call Merchant, Bribe Branch, Renounce Religion, Evoke
Invisibility, Stop Flying


You were on level 2 of the Elven Halls.
You worshipped Gozag.
Gozag was most pleased with you.
You were not hungry.

You visited 5 branches of the dungeon, and saw 25 of its levels.
You also visited: Ossuary and Ice Cave.

You collected 8063 gold pieces.
You spent 1631 gold pieces at shops.
You paid 4348 gold pieces to Gozag.

Inventory:

Hand Weapons
 k - a +2 hand axe of electrocution
 l - a +3 morningstar of protection (weapon)
 p - a +1 long sword of holy wrath
 B - a +3 broad axe
 O - a +1 scimitar of flaming
 X - a +1 demon trident of freezing
Missiles
 f - 30 tomahawks (quivered)
Armour
 q - a scarf of cloud immunity (worn)
 t - the +0 buckler of Voteil (worn) {+Inv rF+ Str+2}
   (You found it on level 6 of the Dungeon)

   It affects your strength (+2).
   It protects you from fire.
   It lets you turn invisible.
 y - a +2 pair of boots of flying (worn)
 C - a +2 robe of magic resistance
 G - the -1 hat of Knowledge {+Blink Int+4}
   (You found it in an ice cave)

   It affects your intelligence (+4).
   It lets you blink.
 M - a +3 leather armour of fire resistance (worn)
 P - a +2 helmet of intelligence (worn)
 Q - a +2 pair of gloves of archery (worn)
Jewellery
 a - the ring of the Clam (right hand) {+Fly MR+}
   (You found it on level 11 of the Dungeon)

   [ring of flight]

   It affects your resistance to hostile enchantments.
   It lets you fly.
 n - a +3 ring of dexterity
 o - a +2 ring of protection
 u - a +5 amulet of reflection (around neck)
 x - an uncursed ring of resist corrosion
 S - an uncursed amulet of guardian spirit {unknown}
 V - a +3 ring of evasion (left hand)
 Y - the amulet "Difa" {Spirit rF+ Dex+3}
   (You acquired it in an ice cave)

   [amulet of guardian spirit]

   It causes incoming damage to be split between your health and magic.
   It affects your dexterity (+3).
   It protects you from fire.
Wands
 b - a wand of acid (5)
 r - a wand of disintegration (3)
 w - a wand of iceblast (6)
 D - a wand of enslavement (19)
 F - a wand of digging (23)
 H - a wand of scattershot (1)
 L - a wand of flame (23)
 N - a wand of random effects (30)
 U - a wand of paralysis (5)
Scrolls
 d - 12 scrolls of remove curse
 e - 5 scrolls of random uselessness
 h - 11 scrolls of teleportation
 j - 7 scrolls of immolation
 m - 6 scrolls of magic mapping
 v - a scroll of noise
 z - a scroll of blinking
 E - 3 scrolls of fog
 I - 4 scrolls of summoning
 K - 8 scrolls of identify
Books
 c - a book of Minor Magic

   Spells                             Type                      Level
   a - Magic Dart                     Conjuration                  1
   b - Blink                          Translocation                2
   c - Call Imp                       Summoning                    2
   d - Slow                           Hexes                        2
   e - Conjure Flame                  Conjuration/Fire             3
   f - Mephitic Cloud                 Conjuration/Poison/Air       3
 g - the Papyrus of Arcane Weapons
   (You acquired it in an ice cave)

   Spells                             Type                      Level
   a - Sting                          Conjuration/Poison           1
   b - Stone Arrow                    Conjuration/Earth            3
   c - Conjure Ball Lightning         Conjuration/Air              6
   d - Bolt of Fire                   Conjuration/Fire             6
 i - a book of Changes

   Spells                             Type                      Level
   a - Beastly Appendage              Transmutation                1
   b - Sticks to Snakes               Transmutation                2
   c - Spider Form                    Transmutation/Poison         3
   d - Ice Form                       Ice/Transmutation            4
   e - Blade Hands                    Transmutation                5
 s - a book of Power

   Spells                             Type                      Level
   a - Iskenderun's Battlesphere      Conjuration/Charms           5
   b - Venom Bolt                     Conjuration/Poison           5
   c - Bolt of Magma                  Conjuration/Fire/Earth       5
   d - Iron Shot                      Conjuration/Earth            6
   e - Orb of Destruction             Conjuration                  7
   f - Spellforged Servitor           Conjuration/Summoning        7
 A - a book of Maledictions

   Spells                             Type                      Level
   a - Corona                         Hexes                        1
   b - Ensorcelled Hibernation        Hexes/Ice                    2
   c - Confuse                        Hexes                        3
   d - Tukima's Dance                 Hexes                        3
   e - Dazzling Spray                 Conjuration/Hexes            3
 R - a book of the Earth

   Spells                             Type                      Level
   a - Leda's Liquefaction            Hexes/Earth                  4
   b - Bolt of Magma                  Conjuration/Fire/Earth       5
   c - Statue Form                    Transmutation/Earth          6
   d - Iron Shot                      Conjuration/Earth            6
   e - Shatter                        Earth                        9
 T - Cettuic's Papyrus of Destructive Malediction
   (You acquired it in an ice cave)

   Spells                             Type                      Level
   a - Conjure Flame                  Conjuration/Fire             3
   b - Throw Icicle                   Conjuration/Ice              4
   c - Iskenderun's Mystic Blast      Conjuration                  4
   d - Cause Fear                     Hexes                        4
   e - Bolt of Cold                   Conjuration/Ice              6
   f - Discord                        Hexes                        8
 W - a book of Flames

   Spells                             Type                      Level
   a - Flame Tongue                   Conjuration/Fire             1
   b - Throw Flame                    Conjuration/Fire             2
   c - Conjure Flame                  Conjuration/Fire             3
   d - Inner Flame                    Hexes/Fire                   3
   e - Sticky Flame                   Conjuration/Fire             4
   f - Fireball                       Conjuration/Fire             5
Miscellaneous
 J - a crystal ball of energy


   Skills:
 - Level 3.0 Fighting
 - Level 1.0 Throwing
 - Level 1.0 Armour
 - Level 2.0 Dodging
 - Level 3.3 Stealth
 - Level 4.0 Shields
 + Level 19.1 Spellcasting
 * Level 17.3 Conjurations
 - Level 1.0 Hexes
 - Level 1.0 Charms
 - Level 1.0 Summonings
 - Level 1.0 Translocations
 + Level 2.9 Fire Magic
 + Level 2.2 Earth Magic
 - Level 3.3 Evocations


You had 14 spell levels left.
You knew the following spells:

 Your Spells              Type           Power        Failure   Level  Hunger
a - Magic Dart            Conj           ####         0%          1    N/A
b - Blink                 Tloc           N/A          2%          2    N/A
c - Call Imp              Summ           ####....     2%          2    N/A
d - Conjure Flame         Conj/Fire      ######..     1%          3    N/A
e - Mephitic Cloud        Conj/Pois/Air  ######..     1%          3    N/A
f - Slow                  Hex            ####....     2%          2    N/A
g - Iskenderun's Battles  Conj/Chrm      ######..     1%          5    N/A
h - Orb of Destruction    Conj           #######...   1%          7    N/A
i - Confuse               Hex            ####....     4%          3    N/A
j - Bolt of Magma         Conj/Fire/Erth ######....   3%          5    N/A
k - Iron Shot             Conj/Erth      ######....   7%          6    N/A

Dungeon Overview and Level Annotations

Branches:
Dungeon (12/15)            Temple (0/1) D:6            Lair (5/6) D:8
  Swamp (4/4) Lair:4       Spider (0/4) Lair:4          Orc (2/2) D:10
    Elf (2/3) Orc:2
  Slime: Lair:5-6

Altars:
Gozag
Nemelex Xobeh
Sif Muna
Xom
Beogh

Shops:
D:6 [   D:7 !(   D:10 *   D:11 *   Orc:2 }!![:[=

Annotations:
D:6 Verendum's ghost, novice GrAK
Lair:1 exclusion: 2 oklob plants


Innate Abilities, Weirdness & Mutations

You do not eat or drink.
Your flesh is vulnerable to fire.
You are immune to poison.
Your flesh is cold resistant. (rC+)
You are immune to negative energy. (rN+++)
You are immune to unholy pain and torment.
You can survive without breathing.
You are in touch with the powers of death.


Message History

Aiming: Disintegrate
Press: ? - help, Shift-Dir - straight line, f/p - deep elf knight
Aim: a deep elf knight, wielding a long sword and wearing a buckler (almost dead, fast, chance to defeat MR: 28%)
The deep elf knight easily resists.
Evoke which item? (* to show all) (? for menu, Esc to quit)
Aiming: Disintegrate
Press: ? - help, Shift-Dir - straight line, f/p - deep elf knight
Aim: a deep elf knight, wielding a long sword and wearing a buckler (almost dead, fast, chance to defeat MR: 28%)
The deep elf knight easily resists.
The deep elf knight points at you and mumbles some strange words.
The stone arrow misses you.
Casting: Conjure Flame
Confirm with . or Enter, or press ? or * to list all spells.
Aiming: Conjure Flame
Press: ? - help, Dir - move target cursor, p - deep elf knight The fire ignites!
The deep elf knight casts a spell at you.
The orb of energy hits you!
You die...
Your body crumbles into a pile of gold.

##.## ##.###..##.........
##e##
##.#...#.##..(......
##§##
#.##.<.##.#.........
##§####.#...#............
##.###..###..##.........
##e##.#.#.#.##.........
##.#.##.##.##.........
##..##.##.#######.##.
##.@.....# *#..##.
####.#### ##.#.### #.#
##.###.##
#.######)#...#.#
#.......##.<.##.
########.#...#.#
##.###.## ##.#.## ##.##


You could see a deep elf knight.

Vanquished Creatures
  2 Ice Fiends (IceCv)
  Gastronok (Lair:2)
  2 thorn hunters
  A stone giant (Orc:2)
  A deep elf demonologist (Elf:2)
  A deep elf annihilator (Elf:2)
  Snorg (Lair:4)
  3 fire dragons (Swamp:4)
  The ghost of Dadi the Blocker, a journeyman DsGl of Okawaru (Swamp:1)
  Josephine (Lair:4)
  20 hydras
  2 deep elf high priests (Elf:2)
  A ghost crab (Swamp:3)
  Erica (Orc:1)
  10 death yaks
  11 alligators
  6 deep elf knights (Elf:2)
  3 orc high priests (Orc:2)
  Nergalle (D:11)
  3 fire crabs
  3 spriggan druids
  2 shambling mangroves
  5 swamp dragons
  7 orc knights
  5 orc sorcerers
  6 deep elf magi
  An ugly thing (D:10)
  2 black mambas
  2 ice statues (IceCv)
  A torpor snail (Lair:2)
  9 spiny frogs
  2 rime drakes
  6 komodo dragons
  A polar bear (Lair:5)
  13 ice devils (IceCv)
  A tyrant leech (Swamp:3)
  5 trolls
  8 hornets
  Grinder (D:3)
  10 slime creatures
  3 bog bodies
  21 blink frogs
  5 dream sheep (Lair:4)
  4 hippogriffs
  2 air elementals (Elf:1)
  9 spriggans
  5 wraiths (Lair:4)
  4 wyverns
  A basilisk (D:11)
  A fire elemental (Elf:2)
  15 yaks
  A hungry ghost (D:9)
  A steam dragon (Swamp:4)
  4 vampire mosquitoes (Swamp:4)
  21 swamp worms
  9 insubstantial wisps
  7 water moccasins
  3 wargs (Orc:2)
  12 porcupines
  25 orc warriors
  A sky beast (D:5)
  10 swamp drakes
  10 ogres
  3 phantoms
  2 ice beasts
  9 wolves
  5 centaurs
  6 crocodiles
  3 big kobolds
  13 bullfrogs
  2 earth elementals (D:11)
  A water moccasin skeleton (D:5)
  2 scorpions
  4 killer bees
  5 wights (D:10)
  A howler monkey (D:6)
  2 vampire bats (Lair:4)
  3 crimson imps
  4 centaur zombies
  A quasit (D:11)
  2 jellies
  2 human zombies (Ossuary)
  17 orc priests
  3 bullfrog skeletons
  2 centaur skeletons (D:11)
  5 hounds
  35 orc wizards
  An iguana (D:3)
  6 worker ants
  2 killer bee zombies
  A big kobold zombie (Ossuary)
  2 hound zombies
  3 mummies (Ossuary)
  4 gnolls (D:4)
  A howler monkey skeleton (D:6)
  15 adders
  9 white imps (IceCv)
  3 ufetubi (IceCv)
  2 oozes
  5 worms
  3 leopard geckos
  67 orcs
  7 giant cockroaches
  11 goblins
  7 hobgoblins
  8 jackals
  17 kobolds
  7 quokkas
  A ball python (D:5)
  13 bats
  2 frilled lizards
  A hobgoblin zombie (Ossuary)
  A kobold zombie (Ossuary)
  An orc zombie (Ossuary)
  21 rats
  A fungus (Lair:3)
690 creatures vanquished.

Vanquished Creatures (collateral kills)
  The ghost of torrenera the Grave Robber, an amateur DDNe of Makhleb (D:3)
1 creature vanquished.

Vanquished Creatures (others)
  2 hydras (Swamp:4)
  2 dancing weapons (Elf:2)
  A swamp dragon (Swamp:4)
  A lindwurm (Swamp:4)
  A blink frog (Swamp:1)
  6 swamp drakes (Swamp:4)
  An orc warrior (Elf:1)
  An orc priest (Orc:2)
  A white imp (IceCv)
  5 ufetubi (IceCv)
  An orc (Orc:2)
  8 fungi
  24 plants
54 creatures vanquished.

Grand Total: 745 creatures vanquished

Notes
Turn   | Place    | Note
-------+----------+-------------------------------------------
     0 | D:1      | raistware the Mummy Wizard began the quest for the Orb.
     0 | D:1      | Reached XP level 1. HP: 13/13 MP: 5/5
    97 | D:1      | Reached skill level 1 in Conjurations
   323 | D:1      | Reached XP level 2. HP: 19/19 MP: 1/7
   393 | D:1      | Learned a level 2 spell: Blink
   396 | D:1      | Learned a level 2 spell: Call Imp
  1490 | D:1      | Reached XP level 3. HP: 14/24 MP: 0/8
  1924 | D:2      | Learned a level 3 spell: Conjure Flame
  1928 | D:2      | Learned a level 3 spell: Mephitic Cloud
  2189 | D:2      | Reached XP level 4. HP: 30/30 MP: 5/10
  2330 | D:2      | Found an opulent altar of Gozag.
  2506 | D:2      | Became a worshipper of Gozag Ym Sagoz the Greedy
  2842 | D:3      | Reached skill level 5 in Spellcasting
  3221 | D:4      | Learned a level 2 spell: Slow
  3322 | D:4      | Reached XP level 5. HP: 29/35 MP: 12/12
  3440 | D:3      | Noticed torrenera's ghost (amateur DDNe)
  3687 | D:4      | Noticed a phantom
  3871 | D:3      | Reached XP level 6. HP: 7/41 MP: 2/14
  4394 | D:3      | Reached skill level 6 in Spellcasting
  5265 | D:3      | Noticed Grinder
  5278 | D:3      | Paralysed by Grinder for 7 turns
  5287 | D:3      | Killed torrenera's ghost
  5287 | D:3      | Reached skill level 5 in Conjurations
  5287 | D:3      | Reached XP level 7. HP: 16/46 MP: 9/16
  5334 | D:3      | Killed Grinder
  5785 | D:5      | Entered Level 5 of the Dungeon
  5940 | D:5      | Reached skill level 7 in Spellcasting
  6266 | D:5      | Found a shimmering altar of Xom.
  6528 | D:5      | Reached XP level 8. HP: 37/52 MP: 12/19
  6943 | D:6      | Found Tuev's Antique Armour Emporium.
  7139 | D:6      | Reached skill level 8 in Spellcasting
  7412 | D:6      | Got a warped buckler
  7418 | D:6      | Identified the +0 buckler of Voteil {+Inv rF+ Str+2} (You found it on level 6 of the Dungeon)
  7502 | D:6      | Noticed Verendum's ghost (novice GrAK)
  7502 | D:6      | Found a staircase to the Ecumenical Temple.
  7677 | D:7      | Found Pyaci's Antique Weapon Shop.
  7734 | D:7      | Found Lunedikec's Distillery.
  7748 | D:7      | Found a sand-covered staircase.
  7753 | Ossuary  | Entered an ossuary
  7806 | Ossuary  | Learned a level 5 spell: Iskenderun's Battlesphere
  7940 | Ossuary  | Reached skill level 1 in Shields
  8359 | D:7      | Got a pair of translucent gloves
  8360 | D:7      | Identified the +1 pair of gloves of Nopsi {rPois Regen+ rCorr Int-3} (You found it on level 7 of the Dungeon)
  8576 | D:7      | Reached XP level 9. HP: 44/57 MP: 12/21
  8942 | D:8      | Found a staircase to the Lair.
  8942 | D:8      | Noticed a komodo dragon
  8961 | D:8      | Killed a komodo dragon
  8961 | D:8      | Reached skill level 9 in Spellcasting
  8961 | D:8      | Reached skill level 1 in Evocations
  9560 | D:8      | Got a brightly glowing leather armour
  9588 | D:8      | Identified the +1 leather armour of Ehahaegh {*Slow +Fly rPois} (You found it on level 8 of the Dungeon)
 10274 | D:9      | Reached skill level 10 in Spellcasting
 10410 | D:9      | Reached XP level 10. HP: 49/63 MP: 17/24
 11078 | D:10     | Entered Level 10 of the Dungeon
 11166 | D:10     | Reached skill level 11 in Spellcasting
 12037 | D:10     | Found a staircase to the Orcish Mines.
 12318 | D:10     | Found a deep blue altar of Sif Muna.
 12764 | D:11     | Reached skill level 12 in Spellcasting
 12820 | D:11     | Reached skill level 1 in Translocations
 12884 | D:11     | Reached skill level 1 in Summonings
 13229 | D:11     | Got a vibrating iron ring
 13233 | D:11     | Identified the ring of the Clam {+Fly MR+} (You found it on level 11 of the Dungeon)
 13393 | D:11     | Reached skill level 10 in Conjurations
 13408 | D:11     | Noticed a brown ugly thing
 13773 | D:10     | Killed a brown ugly thing
 13773 | D:10     | Reached XP level 11. HP: 18/68 MP: 3/27
 14047 | D:11     | Noticed Nergalle
 14075 | D:11     | Killed Nergalle
 14342 | D:10     | Learned a level 7 spell: Orb of Destruction
 15096 | D:11     | Reached skill level 13 in Spellcasting
 15642 | D:11     | Found Sakkiff's Pet Rocks.
 15652 | D:11     | Bought a wand of digging (12) for 416 gold pieces
 15789 | D:12     | Noticed a two-headed ogre
 16706 | Lair:1   | Entered Level 1 of the Lair of Beasts
 17072 | Lair:1   | Noticed an oklob plant
 17206 | Lair:1   | Noticed an oklob plant
 17811 | Lair:2   | Noticed a seven-headed hydra
 18414 | Lair:2   | Reached skill level 14 in Spellcasting
 18688 | Lair:2   | Noticed Gastronok
 18706 | Lair:2   | Killed Gastronok
 18965 | Lair:2   | Reached XP level 12. HP: 74/74 MP: 16/30
 19300 | Lair:2   | Killed a seven-headed hydra
 19941 | Lair:3   | Noticed a four-headed hydra
 19977 | Lair:3   | Killed a four-headed hydra
 19977 | Lair:3   | Reached skill level 15 in Spellcasting
 21574 | Lair:4   | Noticed Josephine
 21583 | Lair:4   | Killed Josephine
 21769 | Lair:4   | Noticed Snorg
 21812 | Lair:4   | Killed Snorg
 22074 | Lair:4   | Noticed a five-headed hydra
 22095 | Lair:4   | Noticed a four-headed hydra
 22110 | Lair:4   | Killed a five-headed hydra
 22270 | Lair:4   | Found a staircase to the Swamp.
 22437 | Lair:4   | Killed a four-headed hydra
 22437 | Lair:4   | Gained mutation: You are in touch with the powers of death. [Mummy growth]
 22437 | Lair:4   | Reached XP level 13. HP: 25/79 MP: 9/32
 22864 | Lair:4   | Reached skill level 16 in Spellcasting
 22932 | Lair:4   | Found a hole to the Spider Nest.
 23193 | Lair:5   | Found a sparkling altar of Nemelex Xobeh.
 25753 | D:10     | Bought a pair of embroidered boots for 240 gold pieces
 25753 | D:10     | Bought a scroll of identify for 64 gold pieces
 25753 | D:10     | Bought a scroll of identify for 64 gold pieces
 25774 | Orc:1    | Entered Level 1 of the Orcish Mines
 26312 | Orc:1    | Noticed Erica
 26414 | Orc:1    | Killed Erica
 26978 | Orc:2    | Entered Level 2 of the Orcish Mines
 27057 | Orc:2    | Reached skill level 17 in Spellcasting
 27669 | Orc:2    | Found a staircase to the Elven Halls.
 27724 | Orc:2    | Noticed a stone giant
 27728 | Orc:2    | Killed a stone giant
 28435 | Orc:2    | Found a roughly hewn altar of Beogh.
 28718 | Orc:2    | Reached XP level 14. HP: 85/85 MP: 20/35
 28998 | Orc:2    | Reached skill level 15 in Conjurations
 29740 | Orc:2    | Found Xazo's Gadget Boutique.
 29740 | Orc:2    | Found Kaijoud's Armour Emporium.
 29744 | Orc:2    | Found Ikigeta's Distillery.
 29744 | Orc:2    | Found Zah Akhe's Distillery.
 29776 | Orc:2    | Bought a +0 helmet of intelligence for 161 gold pieces
 30090 | Orc:2    | Bought a pair of runed gloves for 210 gold pieces
 30193 | Orc:2    | Bought a runed leather armour for 140 gold pieces
 30193 | Orc:2    | Bought a glowing hat for 196 gold pieces
 30193 | Orc:2    | Bought a glowing leather armour for 140 gold pieces
 30430 | Swamp:1  | Entered Level 1 of the Swamp
 31605 | Swamp:1  | Noticed Dadi's ghost (journeyman DsGl)
 31613 | Swamp:1  | Killed Dadi's ghost
 32913 | Swamp:2  | Reached skill level 1 in Fighting
 32925 | Swamp:2  | Reached skill level 1 in Armour
 32925 | Swamp:2  | Reached skill level 1 in Hexes
 33178 | Swamp:2  | Reached skill level 1 in Charms
 33504 | Swamp:2  | Noticed a thorn hunter
 33508 | Swamp:2  | Killed a thorn hunter
 33508 | Swamp:2  | Reached skill level 1 in Throwing
 33508 | Swamp:2  | Reached skill level 18 in Spellcasting
 34498 | Swamp:3  | Noticed a thorn hunter
 34509 | Swamp:3  | Killed a thorn hunter
 35550 | Swamp:3  | Reached XP level 15. HP: 93/93 MP: 14/37
 35720 | Swamp:4  | Entered Level 4 of the Swamp
 36250 | Swamp:4  | Identified a scroll of acquirement
 36306 | Swamp:4  | Learned a level 3 spell: Confuse
 36312 | Swamp:4  | Learned a level 5 spell: Bolt of Magma
 38131 | Swamp:4  | Got a decaying rune of Zot
 38746 | Elf:1    | Entered Level 1 of the Elven Halls
 39035 | Elf:2    | Reached skill level 1 in Fire Magic
 39073 | Elf:2    | Found a frozen archway.
 39082 | IceCv    | Entered an ice cave
 39212 | IceCv    | Learned a level 6 spell: Iron Shot
 39610 | IceCv    | Got a crude hat
 39623 | IceCv    | Identified the cursed -1 hat of Knowledge {+Blink Int+4} (You found it in an ice cave)
 40269 | IceCv    | Noticed an Ice Fiend
 40430 | IceCv    | Noticed an Ice Fiend
 40439 | IceCv    | Killed an Ice Fiend
 40439 | IceCv    | Reached skill level 19 in Spellcasting
 40541 | IceCv    | Killed an Ice Fiend
 40541 | IceCv    | Reached skill level 1 in Earth Magic
 40856 | IceCv    | Got an ancient zirconium amulet
 40858 | IceCv    | Identified the amulet "Difa" {Spirit rF+ Dex+3} (You acquired it in an ice cave)
 41010 | IceCv    | Identified the Papyrus of Arcane Weapons (You acquired it in an ice cave)
 41014 | IceCv    | Identified Cettuic's Papyrus of Destructive Malediction (You acquired it in an ice cave)
 41056 | Elf:2    | Noticed a Hell Sentinel
 41358 | Elf:1    | Noticed a deep elf sorcerer
 41378 | Elf:2    | Reached XP level 16. HP: 34/104 MP: 5/39
 42014 | Elf:2    | Killed from afar by a deep elf knight

Skill      XL: |  1  2  3  4  5  6  7  8  9 10 11 12 13 14 15 |
---------------+----------------------------------------------+-----
Conjurations   | 1 2 3 4 5 6 7 8 10 11 13 14 16 17 | 17.3
Spellcasting   | 5 6 7 8 10 12 14 15 17 18 19 | 19.1
Shields        | 3 4 |  4.0
Evocations     | 2 3 |  3.3
Translocations | 1 |  1.0
Summonings     | 1 |  1.0
Stealth        | 2 3 |  3.3
Dodging        | 2 |  2.0
Fighting       | 1 3 |  3.0
Armour         | 1 |  1.0
Hexes          | 1 |  1.0
Charms         | 1 |  1.0
Throwing       | 1 |  1.0
Fire Magic     | 2 |  2.9
Earth Magic    | 2 |  2.2

Action                   |  1- 3 |  4- 6 |  7- 9 | 10-12 | 13-15 | 16-18 || total
-------------------------+-------+-------+-------+-------+-------+-------++-------
Melee: Unarmed           |     4 |       |       |       |       |       ||     4
       Hand axe          |       |    34 |   157 |    98 |    15 |       ||   304
       Short sword       |       |     1 |       |       |       |       ||     1
       Morningstar       |       |       |       |       |    16 |       ||    16
       Scimitar          |       |       |       |       |     6 |       ||     6
Throw: Tomahawk          |    36 |     5 |       |       |       |       ||    41
 Cast: Magic Dart        |   107 |   113 |   220 |   384 |   389 |     8 ||  1221
       Blink             |     1 |     1 |     3 |    10 |     5 |       ||    20
       Conjure Flame     |       |     9 |    25 |    85 |    41 |     5 ||   165
       Mephitic Cloud    |       |     3 |    13 |    28 |    10 |       ||    54
       Call Imp          |       |     5 |    10 |     6 |     4 |       ||    25
       Iskenderun's Batt |       |       |     1 |    79 |   172 |     3 ||   255
       Orb of Destructio |       |       |       |    35 |   228 |     7 ||   270
       Bolt of Magma     |       |       |       |       |    36 |     2 ||    38
       Iron Shot         |       |       |       |       |     3 |       ||     3
Invok: Call Merchant     |       |       |       |       |     4 |       ||     4
       Potion Petition   |       |       |       |       |     3 |       ||     3
 Abil: Evoke Invisibilit |       |       |       |       |     3 |       ||     3
       Stop Flying       |       |       |       |       |     1 |       ||     1
       Evoke Flight      |       |       |       |       |     1 |       ||     1
       Evoke Blink       |       |       |       |       |     2 |       ||     2
Evoke: Wand              |       |       |       |     3 |    47 |     6 ||    56
  Use: Scroll            |       |       |     9 |    13 |    23 |       ||    45
 Stab: Sleeping          |       |     1 |     2 |       |     1 |       ||     4
       Distracted        |       |       |     3 |     1 |       |       ||     4
       Confused          |       |       |     2 |     6 |     1 |       ||     9
       Invisible         |       |       |       |       |     1 |       ||     1
Armor: Robe              |     6 |     2 |    34 |    31 |    19 |       ||    92
       Leather armour    |       |       |       |       |    53 |     2 ||    55
Dodge: Dodged            |    29 |    35 |    98 |    80 |   103 |     3 ||   348
Block: Buckler           |       |       |    21 |    39 |    79 |     5 ||   144
       Reflection        |       |       |       |       |     3 |     3 ||     6
